 Dungeon Crawl Stone Soup version 0.27.1-33-g824d729ab1 (webtiles) character file.

Game seed: 8206124706054782222

174 zeram the Ducker (level 5, -10/75 HPs)
             Began as a Troll Fighter on Dec 14, 2021.
             Mangled by a black bear (11 damage)
             ... on level 4 of the Dungeon.
             The game lasted 00:03:48 (2100 turns).

zeram the Ducker (Troll Fighter)                    Turns: 2100, Time: 00:03:49

Health: -10/75     AC:  4    Str: 25    XL:     5   Next: 28%
Magic:  4/4        EV: 10    Int:  4    God:
Gold:   90         SH:  0    Dex:  9    Spells: 4/4 levels left

rFire    . . .     SeeInvis .   g - +0 triple sword (vorpal)
rCold    . . .     Faith    .   (shield currently unavailable)
rNeg     . . .     Spirit   .   b - +0 robe
rPois    .         Reflect  .   (helmet restricted)
rElec    .         Harm     .   (no cloak)
rCorr    .         Rampage  .   (gloves unavailable)
Will     .....                  (boots unavailable)
Stlth    ..........             (no amulet)
HPRegen  1.22/turn              (no ring)
MPRegen  0.09/turn              (no ring)

@: mighty, berserking, very quick
A: large, unfitting armour, claws 3, regeneration 1, shaggy fur 1, tough skin 1
a: no special abilities


You were on level 4 of the Dungeon.
You visited 1 branch of the dungeon, and saw 4 of its levels.

You collected 90 gold pieces.

Inventory:

Hand Weapons
 a - a +0 flail of freezing
 g - a +0 vorpal triple sword (weapon)
Missiles
 m - a throwing net (quivered)
Armour
 b - a +0 robe (worn)
 c - a +0 kite shield
Jewellery
 f - an amulet of regeneration
Scrolls
 o - 2 scrolls of blinking
 q - a scroll of amnesia
Potions
 e - a potion of degeneration
 h - a potion of curing
 j - a potion of cancellation {unknown}
 k - a potion of resistance
 n - a potion of magic {unknown}


   Skills:
 - Level 2.4 Fighting
 + Level 1.7 Long Blades
 - Level 3.1 Maces & Flails
 + Level 3.8 Dodging
 - Level 2.4 Shields


You had 4 spell levels left.
You didn't know any spells.
Your spell library contained the following spells:

 Spells                   Type           Power      Damage    Failure   Level
 Call Canine Familiar     Summ           0%         N/A       86%         3
 Portal Projectile        Hex/Tloc       0%         N/A       86%         3
 Leda's Liquefaction      Hex/Erth       0%         N/A       99%         4


Dungeon Overview and Level Annotations

Branches:
Dungeon (4/15)
 Temple: D:4-7

Altars:


Innate Abilities, Weirdness & Mutations

You are too large for most types of armour.
You have claws for hands.
Your natural rate of healing is unusually fast.
You are covered in fur. (AC +1)
You have tough skin. (AC +1)


Message History

The adder bites you but does no damage. The adder barely misses you.
You riposte.
You slice the adder!!
You kill the adder!
You closely miss the black bear.
The black bear is lightly wounded.
You feel sick. The black bear bites you.
* * * LOW HITPOINT WARNING * * *
The black bear closely misses you.
The black bear claws you but does no damage.
The black bear bites you but does no damage.
The black bear claws you.
* * * LOW HITPOINT WARNING * * *
The black bear claws you but does no damage.
A red film seems to cover your vision as you go berserk!
You feel yourself moving faster!
You feel mighty!
You feel sick. The black bear bites you.
* * * LOW HITPOINT WARNING * * *
The black bear claws you but does no damage.
The black bear barely misses you.
You slice the black bear!!
The black bear is almost dead.
You feel sick.
You are no longer poisoned.
The black bear goes berserk!
You barely miss the black bear.
The black bear is severely wounded.
The black bear bites you but does no damage.
The black bear barely misses you. x2; The black bear bites you.
* * * LOW HITPOINT WARNING * * *
The black bear claws you.
* * * LOW HITPOINT WARNING * * *
The black bear claws you.
* * * LOW HITPOINT WARNING * * *
You closely miss the black bear.
The black bear is severely wounded.
The black bear bites you but does no damage.
The black bear claws you.
* * * LOW HITPOINT WARNING * * *
The black bear barely misses you. The black bear bites you!
You die...

### ...
###.##
#.....
#.....####
#.....h@.#
#.....##.#
#........#
######.###
#. #


You could see a black bear (berserk).

Vanquished Creatures
  An orc priest (D:4)
  A hound skeleton (D:3)
  A howler monkey skeleton (D:2)
  5 adders
  A worm (D:3)
  3 dart slugs
  3 orcs (D:4)
  5 ball pythons
  8 bats
  6 endoplasms
  5 giant cockroaches
  7 goblins
  5 hobgoblins
  4 jackals
  2 quokkas (D:1)
  A frilled lizard (D:2)
  4 kobolds
  A rat (D:2)
63 creatures vanquished.

Notes
Turn   | Place    | Note
-------+----------+-------------------------------------------
     0 | D:1      | zeram the Troll Fighter began the quest for the Orb.
     0 | D:1      | Reached XP level 1. HP: 22/22 MP: 0/0
   265 | D:1      | Reached XP level 2. HP: 29/29 MP: 1/1
   284 | D:1      | Found a faded altar of an unknown god.
   417 | D:1      | Reached XP level 3. HP: 36/36 MP: 2/2
  1022 | D:2      | Reached XP level 4. HP: 44/44 MP: 3/3
  1164 | D:2      | Identified a scroll of acquirement
  1164 | D:2      | Acquired a +0 vorpal triple sword
  1754 | D:3      | Reached skill level 1 in Long Blades
  2075 | D:4      | Reached XP level 5. HP: 28/50 MP: 4/4
  2079 | D:4      | Noticed a black bear
  2099 | D:4      | HP: 3/75 [black bear (2)]
  2100 | D:4      | HP: 1/75 [black bear (2)]
  2100 | D:4      | Mangled by a black bear

Illustrated notes

Levels and vault maps discovered:
D:1:      amcnicky_arrival_wind_blow, layout_loops_ring,
          chequers_ecumenical_altar_island
D:2:      layout_rooms, minmay_tripent
D:3:      layout_loops_ring, minmay_statues_item, minmay_misc_feat_diagonals
D:4:      layout_loops_cross, minmay_temple_entry_proselytizer,
          kennysheep_windowed_goal

Skill      XL: |  1  2  3  4 |
---------------+-------------+-----
Maces & Flails | 2 3 |  3.1
Dodging        | 3 |  3.8
Long Blades    | 1 |  1.7
Fighting       | |  2.4
Shields        | |  2.4

Action                   |  1- 3 |  4- 6 || total
-------------------------+-------+-------++-------
Melee: Flail             |   112 |     4 ||   116
       Triple sword      |       |   117 ||   117
  Use: Scroll            |     4 |     5 ||     9
       Potion            |       |     3 ||     3
 Stab: Sleeping          |     1 |       ||     1
Armor: Robe              |    41 |    67 ||   108
Dodge: Dodged            |    43 |   118 ||   161
Block: Kite shield       |    62 |     1 ||    63
       Rpst.: Triple sword |       |    38 ||    38
